 Dungeon Crawl Stone Soup version 0.25-a0-341-g6f074c887a (webtiles) character file.

Game seed: 3300932753330491375, levelgen mode: deterministic

289 BritishOli the Slasher (level 6, -13/46 HPs)
             Began as a Demonspawn Gladiator on Dec 30, 2019.
             Was an Initiate of Okawaru.
             Mangled by Menkaure (21 damage)
             ... on level 4 of the Dungeon.
             The game lasted 00:04:30 (3297 turns).

BritishOli the Slasher (Demonspawn Gladiator)       Turns: 3297, Time: 00:04:30

Health: -13/46     AC:  5    Str: 16    XL:     6   Next: 9%
Magic:  6/6        EV: 14    Int: 10    God:    Okawaru [......]
Gold:   162        SH:  0    Dex: 14    Spells: 5/5 levels left

rFire    . . .     SeeInvis .   a - +0 long sword
rCold    . . .     Gourm    .   (no shield)
rNeg     . . .     Faith    .   b - +0 leather armour
rPois    .         Spirit   .   c - +0 helmet
rElec    .         Reflect  .   k - +0 cloak
rCorr    .         Harm     .   (no gloves)
MR       +....                  (no boots)
Stlth    ++........             (no amulet)
HPRegen  0.15/turn              l - ring of protection from magic
MPRegen  0.10/turn              (no ring)

@: no status effects
A: spiny 1, sturdy frame 2
a: Renounce Religion


You were on level 4 of the Dungeon.
You worshipped Okawaru.
Okawaru was noncommittal.
You were hungry.

You visited 2 branches of the dungeon, and saw 7 of its levels.
You also visited: Sewer.

You collected 162 gold pieces.

Inventory:

Hand Weapons
 a - a +0 long sword (weapon)
 n - a +0 hand axe
Missiles
 d - 3 throwing nets (quivered)
Armour
 b - a +0 leather armour (worn)
 c - a +0 helmet (worn)
 k - a +0 cloak (worn)
Jewellery
 l - a ring of protection from magic (left hand)
Scrolls
 e - 2 scrolls of enchant armour {unknown}
 g - a scroll of random uselessness {unknown}
 j - 2 scrolls of identify {unknown}
 m - 5 scrolls of fog {unknown}
 q - a scroll of remove curse {unknown}
 s - a scroll of immolation {unknown}
 t - a scroll of noise {unknown}
 v - a scroll of teleportation {unknown}
 x - 2 scrolls of fear {unknown}
 y - a scroll of blinking {unknown}
Potions
 h - 2 potions of might {unknown}
 i - a potion of flight {unknown}
 o - 3 potions of curing {unknown}
 p - a potion of degeneration {unknown}
 r - a potion of lignification {unknown}
 u - 3 potions of magic {unknown}
 w - a potion of brilliance {unknown}
 z - a potion of heal wounds {unknown}
Comestibles
 f - 9 rations


   Skills:
 + Level 2.8 Fighting
 + Level 5.0 Long Blades
 + Level 1.8 Throwing
 + Level 0.2 Armour
 + Level 3.6 Dodging
 + Level 1.5 Stealth


You had 5 spell levels left.
You didn't know any spells.
Your spell library was empty.

Dungeon Overview and Level Annotations

Branches:
Dungeon (6/15)             Temple (1/1) D:4           Sewer (visited)

Altars:
Cheibriados
Fedhas
Hepliaklqana
Kikubaaqudgha
Makhleb
Okawaru
Qazlal
Uskayaw
Vehumet
Wu Jian
Xom
Zin
The Shining One

Shops:
D:5 }

Annotations:
D:4 Menkaure


Innate Abilities, Weirdness & Mutations

You are partially covered in sharp spines.
Your movements are less encumbered by armour. (ER -4)


Message History

Menkaure calls on the powers of darkness!
Your body is wracked with pain!
Menkaure mumbles some strange words.
Menkaure seems to speed up.
Menkaure hits you but does no damage.
You hit Menkaure.
Menkaure is lightly damaged.
Menkaure is struck by your spines. Menkaure misses you. Menkaure hits you.
You are too injured to fight recklessly!
You are too injured to fight recklessly!
You are too injured to fight recklessly!
You are too injured to fight recklessly!
You hit Menkaure.
Menkaure is heavily damaged.
Menkaure hits you!
* * * LOW HITPOINT WARNING * * *
You slash Menkaure!
Menkaure is almost destroyed.
Menkaure hits you!!
You die...

...##<.# ....#..#
....... .......##
....... ........##
....... .........##
....... ...[......##
..... ...........## ...#
......#.....#####M..##
......##........@....###
......###..............#
.....#....#.............
.......#.###$........>..
.....##..###............
....##...##...........##
<..##....##..........##
... ##.>..#.........##
... #.....#.(......#


You could see Menkaure.

Vanquished Creatures
  A bullfrog (D:6)
  A centaur skeleton (D:5)
  A worker ant (D:6)
  A hound skeleton (D:6)
  2 adders
  4 river rats (Sewer)
  A white imp (D:6)
  An ooze (D:2)
  2 dart slugs (D:2)
  4 worms
  2 leopard geckos
  An orc (D:6)
  4 bats
  3 giant cockroaches (D:1)
  6 goblins
  4 hobgoblins (D:1)
  7 jackals
  3 quokkas
  4 ball pythons (Sewer)
  8 frilled lizards
  A goblin skeleton (D:6)
  4 hobgoblin zombies (D:6)
  5 kobolds
  A kobold zombie (D:6)
  3 orc zombies (D:6)
  15 rats
89 creatures vanquished.

Notes
Turn   | Place    | Note
-------+----------+-------------------------------------------
     0 | D:1      | BritishOli the Demonspawn Gladiator began the quest for the
                  | Orb.
     0 | D:1      | Reached XP level 1. HP: 16/16 MP: 1/1
    92 | D:1      | Reached skill level 3 in Long Blades
    92 | D:1      | Gained mutation: Your movements are slightly less
                  | encumbered by armour. (ER -2) [demonic ancestry]
    92 | D:1      | Reached XP level 2. HP: 15/22 MP: 2/2
   315 | D:1      | Reached XP level 3. HP: 22/27 MP: 3/3
  1761 | D:3      | Found a glowing drain.
  1770 | Sewer    | Entered a sewer
  1812 | Sewer    | Gained mutation: Your movements are less encumbered by
                  | armour. (ER -4) [demonic ancestry]
  1812 | Sewer    | Reached XP level 4. HP: 14/33 MP: 4/4
  2077 | Sewer    | Reached skill level 1 in Stealth
  2719 | D:4      | Found a staircase to the Ecumenical Temple.
  2722 | D:4      | You fall into a shaft and drop 2 floors!
  2759 | D:6      | Found a glowing golden altar of the Shining One.
  2760 | D:6      | Reached skill level 4 in Long Blades
  2775 | D:6      | Reached XP level 5. HP: 28/39 MP: 5/5
  2965 | D:5      | Entered Level 5 of the Dungeon
  2974 | D:5      | Reached skill level 5 in Long Blades
  2974 | D:5      | Gained mutation: You are partially covered in sharp spines.
                  | [demonic ancestry]
  2974 | D:5      | Reached XP level 6. HP: 31/46 MP: 6/6
  2985 | D:5      | Found Gono Cun's Gadget Shop.
  3162 | Temple   | Entered the Ecumenical Temple
  3252 | Temple   | Became a worshipper of Warmaster Okawaru
  3289 | D:4      | Noticed Menkaure
  3297 | D:4      | Mangled by Menkaure

Levels and vault maps discovered:
D:1:      wander_arrival_chamber, layout_basic, hangedman_decor_diamond_cutter
D:2:      layout_loops_corners
D:3:      layout_basic, chequers_temple_overflow_statue_of_worship,
          first_ration, cheibrodos_sewer_entry_bend
D:4:      minmay_wonky_spiral, layout_cave_pods, minmay_temple_entry_wispy,
          uniq_eustachio, uniq_menkaure
D:5:      layout_basic, serial_shops, shop, sigmund_army,
          uniq_crazy_yiuf_cottage, uniq_duvessa
D:6:      minmay_bubble_buster, layout_loops_ring, minmay_holes,
          nicolae_tso_besieged_by_evil
Temple:   nicolae_temple_hex_pool

Skill      XL: |  1  2  3  4  5 |
---------------+----------------+-----
Long Blades    | 3 4 5 |  5.0
Dodging        | 3 |  3.6
Stealth        | 1 |  1.5
Fighting       | |  2.8
Throwing       | |  1.8
Armour         | |  0.2

Action                   |  1- 3 |  4- 6 || total
-------------------------+-------+-------++-------
Melee: Long sword        |   126 |   114 ||   240
 Stab: Sleeping          |     6 |     1 ||     7
  Eat: Chunk             |     3 |     1 ||     4
       Ration            |       |     1 ||     1
Armor: Leather armour    |    36 |    29 ||    65
Dodge: Dodged            |   102 |    90 ||   192
       Rpst.: Long sword |    36 |    26 ||    62

Table legend:
 A = Non-vault XP
 B = Vault XP
 C = Vault XP percentage of total XP
 D = Non-vault monster count
 E = Vault monster count
 F = Vault count percentage of total count
                 A         B        C        D         E       F
            +---------+---------+-------+---------+---------+-------
      Total |     321 |      93 |  22.5 |      60 |      29 |  32.6
            +---------+---------+-------+---------+---------+-------
        D:1 |      41 |       0 |   0.0 |      25 |       0 |   0.0
        D:2 |      44 |       0 |   0.0 |      19 |       0 |   0.0
        D:3 |       3 |       5 |  62.5 |       2 |       1 |  33.3
        D:4 |      16 |       0 |   0.0 |       2 |       0 |   0.0
        D:5 |      45 |       0 |   0.0 |       3 |       0 |   0.0
        D:6 |     172 |      19 |   9.9 |       9 |      10 |  52.6
      Sewer |       0 |      69 | 100.0 |       0 |      18 | 100.0
            +---------+---------+-------+---------+---------+-------
